Map: Emerald City LE

Players

Massa

  • Race: Terran Terran
  • League: Platinum

qqq

  • Race: Zerg Zerg

Ether

  • Race: Terran Terran

Noxuris

  • Race: Protoss Protoss

VOD

Have the link to the VOD?

Description

Time

  • Played on: April 13, 2021, 11:54 a.m.
  • Length: 13:31
Show
View Real Time Build Order
Export as new Build Order

Massa Terran 

Build Orders: 2 Factory, Reaper Expand 

Get SALT Encoding   

  12  0:00  SCV  
  13  0:12  SCV  
  14  0:24  SCV, Supply Depot  
  15  0:46  SCV  
  15  0:48  Barracks  
  16  0:54  Refinery  
  16  0:58  SCV  
  17  1:10  SCV  
  18  1:22  Refinery, SCV  
  19  1:37  Orbital Command  
  19  1:48  Command Center  
  19  1:53  Reaper  
  20  2:06  SCV, Supply Depot  
  21  2:18  SCV  
  22  2:26  Marine  
  23  2:30  SCV, Factory  
  24  2:46  Barracks Tech Lab  
  24  2:58  Factory  
  24  3:21  Orbital Command, Barracks Tech Lab  
  24  3:22  SCV  
  25  3:28  Cyclone  
  25  3:30  Mag-Field Accelerator  
  28  3:34  SCV  
  28  3:40  Supply Depot  
  29  3:46  SCV  
  29  3:47  SCV  
  31  3:50  Cyclone  
  34  3:56  Supply Depot  
  34  3:58  SCV  
  34  3:59  SCV  
  34  4:00  Cyclone, Barracks Tech Lab  
  39  4:22  Cyclone  
  42  4:30  SCV x2  
  44  4:32  Cyclone  
  44  4:38  Barracks  
  47  4:42  SCV x2  
  47  4:44  Barracks  
  47  4:45  Engineering Bay  
  49  4:47  Barracks  
  46  5:27  Siege Tank  
  46  5:28  Siege Tank  
  52  5:32  Refinery  
  52  5:33  Refinery, SCV x2  
  54  5:38  Terran Infantry Weapons Level 1  
  54  5:39  Barracks Tech Lab, Command Center  
  54  5:44  Marine x2  
  54  5:45  SCV x2  
  59  5:51  Barracks Reactor  
  58  5:57  SCV x2, Supply Depot  
  58  5:58  Supply Depot x2  
  58  6:00  Missile Turret  
  58  6:02  Marine  
  61  6:31  SCV x2  
  61  6:32  Siege Tank x2  
  69  6:34  Stimpack  
  69  6:35  Barracks Reactor  
  69  6:36  Marine  
  69  6:37  Marine x3  
  73  6:43  SCV x2  
  75  6:49  Combat Shield  
  75  6:54  Marine x4  
  75  6:55  SCV x2  
  78  7:12  Marine  
  70  7:16  Marauder x2, Marine x3  
  70  7:18  Siege Tank x2  
  83  7:23  Armory  
  83  7:30  Marine  
  83  7:33  Marine  
  83  7:34  Planetary Fortress  
  83  7:36  SCV x2  
  87  7:37  Marauder  
  87  7:42  Marauder, Marine x2  
  93  7:47  Marine  
  93  7:48  SCV x2  
  96  7:51  Marine  
  96  7:54  Refinery  
  96  7:58  Marine  
  96  8:00  SCV  
  88  8:10  Marine  
  88  8:11  Marauder, Marine x3  
  94  8:16  Marauder  
  93  8:21  Siege Tank x2  
  98  8:28  Marine  
  98  8:32  Marauder, Concussive Shells  
  96  8:38  Marauder  
  92  8:50  SCV  
  92  8:51  SCV x2  
  92  8:53  Marauder  
  95  8:59  Siege Tank x2  
  101  9:08  SCV x2  
  101  9:09  SCV  
  64  9:17  Marauder  
  64  9:18  Marauder, Marine x4  
  64  9:20  SCV  
  64  9:21  SCV  
  59  9:31  Siege Tank  
  59  9:34  Barracks  
  59  9:35  Marine  
  59  9:36  Widow Mine, Marine x3  
  68  9:39  Marauder x2  
  58  9:48  SCV  
  58  9:49  SCV x2  
  51  9:53  Marine  
  51  9:57  Widow Mine, Marine x3  
  54  10:00  Marauder x2  
  54  10:01  SCV x2  
  54  10:04  Widow Mine  
  61  10:11  Marine  
  62  10:15  Marine x3  
  62  10:18  Siege Tank  
  68  10:21  Marine  
  68  10:22  Marauder  
  68  10:25  Widow Mine  
  73  10:28  Starport  
  73  10:29  SCV x2, Marine  
  73  10:32  Marine  
  73  10:33  Marine  
  78  10:46  Supply Depot  
  78  11:08  Supply Depot  
  78  11:09  Engineering Bay  
  76  11:23  Supply Depot x2  
  72  11:29  SCV, Marine x4, Viking  
  78  11:38  Missile Turret  
  78  11:44  SCV, Marine x2  
  81  11:47  Marine x2  
  81  11:51  Siege Tank  
  81  11:52  Siege Tank  
  81  11:53  Marine x2  
  91  11:59  Viking  
  91  12:02  Marauder  
  93  12:19  Supply Depot  
  93  12:20  Supply Depot  
  93  12:29  Command Center  
  93  12:33  Starport Reactor  
  93  12:41  Marauder x2  
  93  12:43  Supply Depot  
  93  12:44  Supply Depot  
  74  12:58  Marine x3  
  41  12:59  Marine  
  41  13:03  Marauder  
  42  13:08  Supply Depot  
Show
View Real Time Build Order
Export as new Build Order

qqq Zerg 

Build Orders: Hatch First, Lurkers 

Get SALT Encoding   

  12  0:00  Drone  
  13  0:09  Drone  
  14  0:17  Overlord  
  14  0:47  Hatchery  
  13  0:50  Drone  
  13  0:51  Drone  
  13  0:55  Drone  
  16  1:09  Drone  
  17  1:20  Drone  
  18  1:31  Drone  
  18  1:34  Spawning Pool  
  18  1:35  Drone  
  18  1:36  Extractor  
  17  1:53  Drone  
  18  1:58  Drone  
  19  2:02  Drone  
  20  2:12  Drone  
  20  2:13  Drone  
  22  2:19  Hatchery  
  22  2:22  Drone  
  22  2:23  Drone  
  22  2:28  Queen  
  25  2:32  Zergling x2  
  26  2:41  Metabolic Boost  
  26  2:45  Queen  
  28  2:52  Overlord  
  28  2:55  Overlord  
  28  3:05  Evolution Chamber  
  27  3:13  Zergling x6  
  27  3:14  Zergling x4  
  27  3:16  Zergling x2  
  33  3:25  Zergling x2  
  34  3:27  Zergling x2  
  34  3:30  Zerg Melee Weapons Level 1  
  34  3:31  Zergling x2  
  36  3:38  Zergling x4  
  36  3:40  Drone  
  39  3:43  Drone  
  39  3:45  Drone  
  41  3:53  Queen  
  43  3:58  Zergling x2  
  44  4:04  Zergling x4  
  45  4:17  Zergling x8  
  45  4:18  Zergling x4  
  45  4:23  Overlord  
  50  4:32  Overlord x2  
  50  4:47  Overlord  
  50  4:48  Overlord x2  
  50  4:59  Zergling x8  
  47  5:07  Zergling x8  
  41  5:14  Zergling x6  
  41  5:17  Drone  
  45  5:25  Lair  
  45  5:26  Drone  
  46  5:29  Drone  
  46  5:34  Drone x2  
  49  5:46  Drone x2  
  49  5:47  Drone x3  
  54  5:54  Drone  
  54  5:55  Drone x3  
  58  6:01  Drone x2  
  58  6:02  Drone, Extractor  
  60  6:07  Zerg Ground Armor Level 1  
  60  6:09  Extractor  
  55  6:20  Drone  
  55  6:21  Drone x6  
  60  6:28  Drone x2  
  60  6:31  Spine Crawler  
  61  6:54  Zergling x8  
  64  6:55  Zergling x4  
  67  7:03  Overlord x2  
  67  7:04  Zergling x2  
  67  7:05  Zergling x2  
  69  7:15  Hatchery  
  68  7:17  Hydralisk Den  
  68  7:22  Drone x2  
  69  7:23  Drone  
  69  7:26  Spine Crawler  
  69  7:28  Hatchery, Spine Crawler  
  67  7:31  Drone x2, Spine Crawler  
  67  7:32  Drone, Spine Crawler, Evolution Chamber  
  67  7:38  Drone x3  
  67  7:42  Overlord  
  49  8:08  Zergling x12  
  49  8:09  Zergling x10  
  60  8:18  Hydralisk  
  60  8:19  Hydralisk x2  
  62  8:37  Hydralisk x5  
  70  9:00  Lurker Den  
  70  9:01  Zerg Missile Weapons Level 1, Zerg Ground Armor Level 2  
  67  9:07  Drone x3, Hydralisk x2  
  67  9:21  Hydralisk  
  67  9:23  Zergling x10  
  67  9:24  Zergling x6  
  73  9:29  Extractor  
  73  9:30  Extractor  
  61  9:34  Zergling x12  
  61  9:37  Zergling x4  
  64  10:04  Hydralisk x3  
  69  10:07  Lurker  
  70  10:17  Drone x3  
  73  10:22  Drone x3  
  73  10:24  Zergling x10  
  73  10:25  Zergling x6  
  75  10:45  Lurker x4  
  75  10:48  Overlord x7  
  74  11:25  Infestation Pit  
  74  11:28  Hydralisk x4  
  64  11:47  Zergling x10  
  55  12:06  Hydralisk x4  
  61  12:13  Drone  
  62  12:30  Hatchery  
  62  12:36  Hatchery  
  60  12:39  Spine Crawler  
  60  12:42  Spine Crawler  
  60  12:43  Spine Crawler, Lurker x4  
  51  12:52  Zergling x8  
  51  12:53  Zergling x4  
  52  13:05  Hydralisk  
  52  13:06  Hydralisk  
Show
View Real Time Build Order
Export as new Build Order

Ether Terran 

Build Orders: Reaper Expand 

Get SALT Encoding   

  12  0:00  SCV  
  13  0:12  SCV  
  14  0:17  Supply Depot  
  14  0:24  SCV  
  15  0:39  SCV  
  15  0:40  Barracks  
  16  0:46  Refinery  
  16  0:51  SCV  
  17  1:03  SCV  
  18  1:31  Reaper  
  19  1:36  Orbital Command  
  19  2:00  Command Center  
  19  2:10  Barracks Reactor, SCV  
  20  2:22  Barracks  
  20  2:24  Supply Depot  
  20  2:27  Factory  
  20  2:30  Refinery  
  20  2:45  SCV  
  20  2:48  Marine x2  
  23  3:01  SCV  
  24  3:10  Barracks Tech Lab  
  23  3:14  Marine  
  23  3:15  Marine  
  23  3:16  Factory Reactor  
  25  3:21  SCV, Orbital Command  
  25  3:24  Starport  
  26  3:33  SCV  
  27  3:35  Marine x3  
  30  3:45  SCV  
  30  3:46  Stimpack  
  31  3:49  Supply Depot  
  31  3:50  SCV  
  32  3:57  SCV  
  32  4:00  Marine x3  
  32  4:02  SCV  
  37  4:06  Factory Tech Lab  
  37  4:10  Supply Depot  
  37  4:11  Supply Depot  
  37  4:13  SCV  
  38  4:18  Marine  
  38  4:19  SCV  
  38  4:20  Marine x2  
  38  4:23  Medivac  
  44  4:36  Marine  
  44  4:37  Refinery  
  45  4:39  Marine x2  
  47  4:46  Supply Depot  
  47  4:53  Marine, Siege Tank  
  47  4:55  SCV x2  
  47  4:57  Marine  
  49  5:19  Marine x3  
  49  5:21  Medivac  
  54  5:22  SCV x2  
  56  5:30  Siege Tank  
  56  5:32  Supply Depot  
  59  5:40  Marine x2  
  59  5:41  Marauder  
  63  5:44  Combat Shield  
  63  5:49  Engineering Bay  
  63  5:50  Engineering Bay  
  63  5:55  SCV x2, Command Center  
  65  6:05  Marine x3  
  65  6:07  SCV, Medivac  
  69  6:23  Marine  
  70  6:30  Terran Infantry Weapons Level 1, Supply Depot x2  
  70  6:31  Terran Infantry Armor Level 1, Supply Depot  
  70  6:32  Marine  
  71  6:33  Marine  
  71  6:34  Siege Tank  
  71  6:39  Barracks  
  75  6:41  Marine  
  76  6:53  SCV x2  
  78  6:57  Refinery  
  72  7:02  Concussive Shells  
  72  7:14  Marine x3  
  72  7:15  Medivac, Siege Tank  
  80  7:25  Medivac  
  80  7:27  Barracks Reactor  
  82  7:32  Barracks, Marine x2  
  84  7:40  Marine  
  85  7:50  Marine  
  86  7:53  Marine  
  86  7:57  Marine  
  77  8:11  Marine x4  
  84  8:12  Siege Tank  
  84  8:13  Medivac x2  
  84  8:15  Marine  
  89  8:29  Marine x2  
  91  8:35  SCV  
  91  8:36  SCV  
  93  8:42  Armory  
  93  8:48  SCV x2  
  95  8:51  Marine x2  
  97  9:00  SCV x2  
  89  9:20  Marine x4  
  89  9:21  Marauder, Siege Tank  
  89  9:22  Medivac x2  
  101  9:38  Marine x4  
  98  9:42  Marine  
  89  9:56  Marine x4  
  86  10:00  Marine  
  86  10:06  Siege Tank  
  86  10:07  Medivac x2  
  84  10:13  Marine x2  
  84  10:14  Terran Infantry Armor Level 2, Terran Infantry Weapons Level 2, Marine x2  
  88  10:15  SCV x2  
  92  10:26  Barracks  
  92  10:27  SCV x2  
  92  10:28  Barracks, Terran Vehicle Weapons Level 1  
  94  10:29  Refinery, Barracks  
  94  10:30  Orbital Command, Barracks  
  94  10:34  Refinery  
  94  10:49  Marine x5  
  97  10:55  Siege Tank  
  102  11:04  Medivac x2  
  106  11:07  Marine x3  
  109  11:13  Marine x2  
  106  11:23  SCV x3  
  106  11:25  Marine x3  
  112  11:26  Barracks Tech Lab  
  112  11:27  Barracks Reactor x2  
  112  11:30  Marine  
  104  11:39  Marine x2  
  102  11:42  Marine x2  
  102  11:44  SCV x3  
  96  11:56  SCV x3  
  96  11:57  Marine x3  
  102  12:08  SCV x2  
  104  12:10  SCV  
  104  12:12  Supply Depot x2  
  105  12:16  Command Center  
  105  12:18  Command Center  
  105  12:20  SCV x2, Marine x7  
  105  12:21  Marine  
  105  12:22  Barracks Tech Lab, SCV  
  116  12:32  SCV  
  116  12:34  SCV x2, Medivac  
  116  12:37  Ghost Academy  
  121  12:44  SCV  
  121  12:45  Marine x5  
  121  12:46  SCV  
  121  12:50  SCV  
  129  12:56  SCV  
  129  12:58  SCV  
  131  13:10  Marine x2  
  133  13:22  Supply Depot x2  
  133  13:23  Supply Depot  
Show
View Real Time Build Order
Export as new Build Order

Noxuris Protoss 

Build Orders: Zealot Archon 

Get SALT Encoding   

  12  0:00  Probe  
  13  0:12  Probe  
  14  0:19  Pylon  
  14  0:24  Probe  
  15  0:37  Probe (Chrono Boost)  
  15  0:39  Gateway  
  16  0:49  Probe (Chrono Boost), Assimilator  
  17  0:54  Probe (Chrono Boost)  
  18  1:03  Probe  
  19  1:04  Assimilator  
  19  1:15  Probe  
  20  1:29  Gateway  
  20  1:32  Cybernetics Core  
  20  1:35  Probe  
  21  1:45  Pylon  
  21  1:47  Probe  
  22  1:59  Probe  
  23  2:15  Warp Gate  
  23  2:16  Adept x2  
  23  2:19  Probe  
  23  2:20  Pylon  
  28  2:32  Probe  
  28  2:44  Probe  
  28  2:46  Nexus  
  29  2:52  Adept  
  29  2:57  Adept  
  33  3:05  Pylon  
  33  3:10  Probe  
  34  3:18  Twilight Council  
  34  3:22  Probe  
  35  3:34  Probe  
  35  3:40  Robotics Facility  
  36  3:46  Probe  
  37  3:58  Probe  
  38  4:03  Probe  
  38  4:04  Adept  
  38  4:05  Adept  
  43  4:10  Probe  
  42  4:17  Probe  
  42  4:21  Shield Battery  
  37  4:25  Warp Prism (Chrono Boost)  
  37  4:28  Gateway  
  39  4:32  Probe x2 (Chrono Boost)  
  40  4:38  Resonating Glaives (Chrono Boost)  
  41  4:42  Probe x2 (Chrono Boost), Adept  
  45  4:47  Probe x2 (Chrono Boost)  
  47  4:54  Adept  
  47  4:59  Probe x2  
  49  5:18  Probe x2  
  51  5:30  Probe x2  
  53  5:37  Templar Archives  
  53  5:38  Assimilator  
  53  5:39  Nexus  
  53  5:41  Pylon  
  53  5:42  Probe, Assimilator, Adept x2  
  56  5:43  Pylon  
  56  5:49  Probe  
  59  5:54  Probe  
  60  6:07  Probe x2  
  62  6:20  Probe x2  
  62  6:22  Stalker x3  
  66  6:26  Charge  
  66  6:34  Forge  
  66  6:36  Pylon  
  66  6:37  Forge  
  66  6:39  Pylon  
  66  6:40  Gateway  
  66  6:42  Gateway, Pylon  
  66  6:46  High Templar x2  
  70  6:50  Archon  
  70  6:51  Probe x2  
  70  6:52  Probe  
  73  7:11  Probe x2  
  73  7:14  Assimilator  
  75  7:16  Probe  
  75  7:18  Assimilator  
  75  7:21  Pylon  
  75  7:22  High Templar x2  
  78  7:23  Probe  
  78  7:24  Adept  
  78  7:26  Probe  
  78  7:27  Archon  
  84  7:40  High Templar x2  
  88  7:46  Protoss Ground Weapons Level 1, Protoss Ground Armor Level 1 (Chrono Boost), Gateway  
  88  7:47  Gateway  
  88  7:51  Gateway  
  88  7:54  Probe  
  88  7:55  Probe x2  
  89  8:04  Psionic Storm  
  79  8:07  Probe x2  
  75  8:13  Archon  
  75  8:14  Adept x3  
  75  8:15  Adept x2  
  85  8:32  Probe x2  
  87  8:45  Probe x3  
  82  8:57  Probe x2  
  82  9:02  Probe, Nexus  
  83  9:04  Pylon  
  83  9:05  Zealot x5  
  83  9:07  Zealot x3, Pylon  
  91  9:20  Probe x3  
  86  9:33  Gateway  
  86  9:35  Gateway  
  86  9:38  Gateway  
  86  9:40  Gateway  
  86  9:42  Gateway  
  86  9:48  Zealot x3  
  86  9:49  Zealot x5  
  94  9:53  Probe x3  
  94  9:57  Protoss Ground Weapons Level 2 (Chrono Boost), Protoss Ground Armor Level 2 (Chrono Boost)  
  81  10:16  High Templar x8, Pylon  
  81  10:17  Probe  
  81  10:18  Probe x3  
  81  10:19  Pylon  
  81  10:20  Archon  
  81  10:21  Archon x2, Pylon  
  101  10:22  Archon  
  101  10:26  Assimilator  
  101  10:30  Pylon, Assimilator  
  101  10:31  Photon Cannon  
  101  10:32  Photon Cannon  
  101  10:34  Photon Cannon  
  101  10:35  Photon Cannon  
  101  10:36  Photon Cannon  
  101  10:38  Shield Battery  
  101  10:39  Shield Battery  
  101  10:40  Observer  
  102  10:51  Zealot x2  
  102  10:52  Zealot x8  
  102  10:53  Zealot x3  
  128  11:07  Immortal  
  132  11:15  Probe x2  
  134  11:19  Zealot  
  134  11:20  Zealot x3  
  134  11:21  Zealot x4  
  150  11:41  Zealot x4  
  150  11:42  Zealot x8  
  174  12:07  Immortal  
  168  12:24  Stargate  
  168  12:25  Stargate  
  168  12:28  Nexus  
  168  12:30  Pylon, Stargate  
  168  12:31  Stargate  
  168  12:32  Pylon  
  168  12:36  Assimilator  
  168  12:38  Assimilator  
  162  12:49  Pylon  
  122  13:00  Zealot x5  
  122  13:01  Zealot x8  
  148  13:12  Pylon  
  144  13:23  Fleet Beacon  
  144  13:24  Zealot x4  
  144  13:25  Zealot x8  
  144  13:26  Zealot  
Tags
 
Add a new tag
Caveats
  • Supply blocks, unpowered buildings, or Contaminate may cause inaccurate times.
  • Supply counts are checked every 10 seconds.